 Dungeon Crawl Stone Soup version 0.21.1-1-g345015f (webtiles) character file.

65838 eccles the Peltast (level 14, -8/129 HPs)
             Began as a Minotaur Berserker on Apr 28, 2018.
             Was the Champion of Trog.
             Mangled by Saint Roka
             ... wielding a +2 long sword of holy wrath
              (14 damage)
             ... on level 2 of the Orcish Mines on May 2, 2018.
             The game lasted 02:39:31 (18839 turns).

eccles the Peltast (Minotaur Berserker)            Turns: 18839, Time: 02:39:31

Health: -8/129     AC: 23    Str: 28    XL:     14   Next: 77%
Magic:  14/14      EV: 13    Int:  5    God:    Trog [******]
Gold:   1841       SH: 24    Dex: 13    Spells: 13/13 levels left

rFire    . . .     SeeInvis +   a - +4 demon blade (venom)
rCold    . . .     Gourm    .   Q - +3 shield {AC+3}
rNeg     . . .     Faith    .   O - +3 plate armour
rPois    .         Spirit   .   M - +0 hat
rElec    .         Reflect  +   W - scarf {cloud immunity}
rCorr    .         Harm     .   g - +0 pair of gloves
MR       +....                  S - +0 pair of boots {Stlth+}
Stlth    ..........             p - +5 amulet of reflection
HPRegen  0.31/turn              n - ring of see invisible
MPRegen  0.14/turn              i - +4 ring of evasion

@: mighty
A: retaliatory headbutt, horns 2
a: Berserk, Trog's Hand, Brothers in Arms, Burn Spellbooks, Renounce Religion


You were on level 2 of the Orcish Mines.
You worshipped Trog.
Trog was exalted by your worship.
You were near starving.

You visited 3 branches of the dungeon, and saw 19 of its levels.
You also visited: Labyrinth and Volcano.

You collected 1841 gold pieces.

Inventory:

Hand Weapons
 a - a +4 demon blade of venom (weapon)
 b - a +0 blowgun
 e - a +1 hand axe of flaming
 k - a +5 antimagic long sword
 B - a +2 mace of holy wrath
 P - a +1 dagger of draining
Missiles
 q - 12 curare-tipped needles
 u - 7 javelins
 C - 5 javelins of penetration (quivered)
 G - 11 poisoned needles
Armour
 g - a +0 pair of gloves (worn)
 M - a +0 hat (worn)
 O - a +3 plate armour (worn)
 Q - a +3 shield of protection (worn)
 S - a +0 pair of boots of stealth (worn)
 W - a scarf of cloud immunity (worn)
Magical Staves
 V - an uncursed staff of death {unknown}
Jewellery
 i - a +4 ring of evasion (right hand)
 n - a ring of see invisible (left hand)
 p - a +5 amulet of reflection (around neck)
Wands
 m - a wand of flame (58)
 t - a wand of disintegration (8)
 H - a wand of acid (15)
 J - a wand of iceblast (5)
 U - a wand of random effects (23)
Scrolls
 h - 3 scrolls of remove curse
 j - 4 scrolls of identify
 r - a scroll of blinking
 s - 2 scrolls of enchant armour
 v - 5 scrolls of teleportation
 w - 2 scrolls of magic mapping
 y - a scroll of fog
 A - a scroll of holy word
 K - a scroll of enchant weapon
 Z - 4 scrolls of fear
Potions
 f - a potion of agility
 D - 2 potions of curing
 F - a potion of brilliance
Miscellaneous
 d - a fan of gales
 o - a sack of spiders
 z - a phial of floods
 R - a lamp of fire
Comestibles
 c - 25 rations
 I - 4 chunks of flesh


   Skills:
 + Level 13.4 Fighting
 + Level 16.5 Long Blades
 + Level 2.1 Axes
 + Level 3.1 Throwing
 + Level 9.6 Armour
 + Level 3.3 Dodging
 + Level 1.8 Stealth
 + Level 18.7 Shields
 + Level 1.5 Evocations


You had 13 spell levels left.
You didn't know any spells.

Dungeon Overview and Level Annotations

Branches:
Dungeon (11/15)            Temple (0/1) D:5            Lair (6/6) D:10
  Swamp (0/4) Lair:2       Spider (0/4) Lair:3        Slime (0/5) Lair:5
    Orc (2/2) D:10            Elf (0/3) Orc:2

Altars:
Kikubaaqudgha
Makhleb
Okawaru
Qazlal
Ru
Uskayaw
Yredelemnul
Zin
The Shining One
Beogh

Shops:
D:10 *   D:11 (   Orc:2 =:

Annotations:
Lair:4 exclusion: 3 oklob plants
Orc:2 exclusion: oklob plant, Saint Roka


Innate Abilities, Weirdness & Mutations

You reflexively headbutt those who attack you in melee.
You have a pair of horns on your head.


Message History

Saint Roka roars a battlecry!
The orc priest goes into a battle-frenzy!
Quiver which item? (- for none, * to show all) (? for menu, Esc to quit)
Okay, then.
You feel very mighty all of a sudden. The orc misses you.
Saint Roka calls down the wrath of Beogh upon you.
Beogh smites you!
* * * LOW HITPOINT WARNING * * *
You slash Saint Roka!
Saint Roka looks as sick as possible!
Saint Roka is moderately wounded.
You recover from your berserk rage.
You slash Saint Roka!
Saint Roka looks as sick as possible!
Your headbutt misses Saint Roka.
Saint Roka is moderately wounded.
You block the orc's attack.
You hit Saint Roka.
Saint Roka looks as sick as possible!
Saint Roka is heavily wounded.
Saint Roka hits you with a long sword of holy wrath!
You die...

........)................#
...#...)))...........##.##
#......)<)...........###.##
#................##.##....# ###
##..................#....## ##.##
##..........#####.....### #...#
#####........#._.#.....######...#
#.#.<........#...#..oo.#.#.##..##
.............#.o@#..#o.........##
#..###'#.....##o##.###o..#.##....
#.##.[)##.....oo.o.###..o####....
#.#.....#......o....##..o.oo..8.8
#.#.....#...........##....oo.)..)
#.#.._..#..........####)..o.##oo)
#.##...##..........##.....###...)
...#####.....#.#..##.....## #8...
..................###....# ##o).


You could see Saint Roka, an orc priest, an orc wizard and 2 orcs.

Vanquished Creatures
  Gastronok (Lair:1)
  Snorg (Lair:6)
  A minotaur (Lab)
  6 hydras
  Erica (D:11)
  4 two-headed ogres
  A catoblepas (Lair:2)
  The ghost of Squonk the Frost Mage, a novice DrIE of Sif Muna (D:8)
  6 death yaks (Lair:5)
  3 orc high priests
  4 skeletal warriors (D:11)
  3 orc knights
  A wolf spider (Lair:6)
  An orc sorcerer (D:10)
  A salamander (Volcano)
  A cyclops (D:11)
  A guardian serpent (Lair:6)
  A manticore (D:11)
  8 black mambas
  7 elephants
  A torpor snail (Lair:3)
  10 spiny frogs
  A rime drake (Lair:2)
  7 komodo dragons
  5 trolls
  A queen bee (D:8)
  4 slime creatures
  3 hornets (Lair:6)
  3 blink frogs (Lair:5)
  12 dream sheep
  6 hippogriffs
  A redback (Lair:6)
  8 wyverns
  A yak (shapeshifter) (D:9)
  A basilisk (Lair:4)
  26 yaks
  A fire bat (Volcano)
  A steam dragon (Lair:3)
  2 hungry ghosts (D:11)
  9 wargs
  4 vampire mosquitoes (Lair:2)
  21 water moccasins
  9 porcupines
  45 orc warriors
  3 sky beasts
  2 ice beasts
  2 eyes of draining
  2 black bears (D:11)
  3 phantoms
  15 ogres
  6 wolves (Lair:6)
  A necrophage (D:8)
  4 centaurs
  17 crocodiles
  5 big kobolds
  12 bullfrogs
  6 scorpions
  34 killer bees
  The ghost of azzavlup the Chopper, a weakling DsAK of Lugonu (D:3)
  4 electric eels
  3 howler monkeys
  6 crimson imps
  2 quasits
  25 orc priests
  7 centaur skeletons
  3 jellies
  7 hounds
  28 orc wizards
  Crazy Yiuf (D:5)
  3 bullfrog skeletons
  Terence (D:3)
  3 iguanas
  16 worker ants
  A hound zombie (D:8)
  7 gnolls
  10 adders
  A shadow imp (D:10)
  3 oozes
  An adder zombie (D:7)
  5 worms
  A dart slug (D:1)
  3 leopard geckos
  115 orcs
  8 bats
  7 giant cockroaches
  9 goblins
  10 hobgoblins
  13 jackals
  27 kobolds
  8 quokkas
  2 ball pythons (D:1)
  2 frilled lizards (D:1)
  A jackal zombie (D:5)
  A quokka skeleton (D:6)
  8 rats
700 creatures vanquished.

Vanquished Creatures (others)
  A hell hog (Volcano)
  A cyclops (D:11)
  A centaur (D:7)
  An orc (D:5)
  A kobold (D:3)
  23 fungi
  18 plants
46 creatures vanquished.

Grand Total: 746 creatures vanquished

Notes
Turn   | Place    | Note
-------+----------+-------------------------------------------
     0 | D:1      | eccles the Minotaur Berserker began the quest for the Orb.
     0 | D:1      | Reached XP level 1. HP: 19/19 MP: 0/0
   205 | D:1      | Reached XP level 2. HP: 13/27 MP: 1/1
  1007 | D:2      | Reached XP level 3. HP: 34/34 MP: 2/2
  1082 | D:2      | Reached ** piety under Trog
  1082 | D:2      | Reached skill level 5 in Long Blades
  1580 | D:2      | Reached XP level 4. HP: 18/41 MP: 3/3
  2129 | D:3      | Reached skill level 5 in Fighting
  2129 | D:3      | Reached skill level 1 in Shields
  2132 | D:3      | Reached XP level 5. HP: 48/48 MP: 4/4
  2241 | D:3      | Noticed azzavlup's ghost (weakling DsAK)
  2282 | D:3      | Killed azzavlup's ghost
  2282 | D:3      | Reached skill level 2 in Shields
  2552 | D:3      | Noticed Terence
  2572 | D:3      | Killed Terence
  2616 | D:3      | Reached XP level 6. HP: 56/56 MP: 5/5
  2709 | D:3      | Found a stormy altar of Qazlal.
  2772 | D:4      | Reached skill level 3 in Shields
  3037 | D:4      | Reached *** piety under Trog
  3037 | D:4      | Reached skill level 4 in Shields
  3073 | D:4      | Reached XP level 7. HP: 63/63 MP: 6/6
  3095 | D:4      | Found a stormy altar of Qazlal.
  3391 | D:4      | Found a glowing golden altar of the Shining One.
  3639 | D:5      | Entered Level 5 of the Dungeon
  3678 | D:5      | Reached skill level 5 in Shields
  3925 | D:5      | Found a staircase to the Ecumenical Temple.
  4033 | D:5      | Found a sacrificial altar of Ru.
  4033 | D:5      | Found a hide-covered altar of Uskayaw.
  4033 | D:5      | Found an iron altar of Okawaru.
  4034 | D:5      | Found an ancient bone altar of Kikubaaqudgha.
  4035 | D:5      | Found a basalt altar of Yredelemnul.
  4035 | D:5      | Found a burning altar of Makhleb.
  4035 | D:5      | Found a glowing silver altar of Zin.
  4036 | D:5      | Noticed a two-headed ogre
  4053 | D:5      | Killed a two-headed ogre
  4053 | D:5      | Reached skill level 1 in Throwing
  4053 | D:5      | Reached skill level 7 in Shields
  4053 | D:5      | Reached XP level 8. HP: 55/73 MP: 0/7
  4056 | D:5      | Reached skill level 8 in Shields
  4632 | D:5      | Found a runed door.
  4636 | D:5      | Noticed Crazy Yiuf
  4641 | D:5      | Killed Crazy Yiuf
  5139 | D:6      | Reached XP level 9. HP: 79/79 MP: 8/8
  5829 | D:7      | Reached skill level 9 in Shields
  5967 | D:7      | Reached **** piety under Trog
  6122 | D:7      | Received a gift from Trog
  6639 | D:8      | Noticed Squonk's ghost (novice DrIE)
  6649 | D:7      | Reached skill level 10 in Shields
  6974 | D:8      | Killed Squonk's ghost
  6974 | D:8      | Reached skill level 10 in Long Blades
  6974 | D:8      | Reached skill level 1 in Stealth
  6990 | D:8      | Noticed a two-headed ogre
  7022 | D:7      | Killed a two-headed ogre
  7022 | D:7      | Reached skill level 11 in Shields
  7022 | D:7      | Reached XP level 10. HP: 58/88 MP: 9/9
  7716 | D:8      | Reached skill level 12 in Shields
  8396 | D:8      | Reached ***** piety under Trog
  8541 | D:8      | Received a gift from Trog
  8725 | D:9      | Noticed a two-headed ogre
  8734 | D:9      | Killed a two-headed ogre
  8734 | D:9      | Reached skill level 13 in Shields
  9092 | D:9      | Reached XP level 11. HP: 95/95 MP: 3/10
  9210 | D:9      | Reached skill level 5 in Armour
  9627 | D:10     | Entered Level 10 of the Dungeon
  9662 | D:10     | Found Veif's Demolitions Depot.
 10040 | D:10     | Received a gift from Trog
 10320 | D:10     | Found a staircase to the Lair.
 10669 | D:10     | Found a staircase to the Orcish Mines.
 10675 | D:10     | Reached skill level 14 in Shields
 10864 | D:11     | Noticed Erica
 10879 | D:11     | Killed Erica
 10952 | D:11     | Found Pasecem's Weapon Boutique.
 10966 | D:11     | Received a gift from Trog
 11095 | D:11     | Noticed a skeletal warrior
 11097 | D:11     | Noticed a skeletal warrior
 11098 | D:11     | Noticed a skeletal warrior
 11109 | D:11     | Noticed a skeletal warrior
 11110 | D:11     | Killed a skeletal warrior
 11113 | D:11     | Killed a skeletal warrior
 11121 | D:11     | Killed a skeletal warrior
 11121 | D:11     | Reached XP level 12. HP: 106/106 MP: 11/11
 11138 | D:11     | Reached skill level 10 in Fighting
 11253 | D:11     | Reached skill level 15 in Shields
 11555 | Lair:1   | Entered Level 1 of the Lair of Beasts
 11755 | Lair:1   | Noticed a six-headed hydra
 11783 | Lair:1   | Killed a two-headed hydra
 12314 | Lair:1   | Noticed Gastronok
 12327 | Lair:1   | Killed Gastronok
 12486 | Lair:2   | Found a staircase to the Swamp.
 12505 | Lair:2   | Reached ****** piety under Trog
 12579 | Lair:2   | Found a labyrinth entrance.
 12591 | Lab      | Entered a labyrinth
 12848 | Lab      | Noticed a minotaur
 12855 | Lab      | Killed a minotaur
 12909 | Lair:2   | Identified 3 scrolls of acquirement
 12917 | Lair:2   | Got a pair of heavily runed gloves
 12928 | Lair:2   | Identified the -3 pair of gloves "Duuz" {rC++ Str-5} (You acquired it on level 2 of the Lair of Beasts)
 13142 | Lair:2   | Noticed a catoblepas
 13159 | Lair:2   | Killed a catoblepas
 13159 | Lair:2   | Reached skill level 16 in Shields
 13269 | Lair:2   | Noticed an eight-headed hydra
 13281 | Lair:2   | Killed a two-headed hydra
 13281 | Lair:2   | Reached XP level 13. HP: 84/116 MP: 12/12
 13574 | Lair:3   | Received a gift from Trog
 13625 | Lair:3   | Found a hole to the Spider Nest.
 14011 | Lair:4   | Reached skill level 15 in Long Blades
 14724 | Lair:5   | Found a staircase to the Slime Pits.
 14826 | Lair:5   | You fall through a shaft!
 14826 | Lair:6   | Entered Level 6 of the Lair of Beasts
 14828 | Lair:6   | Reached skill level 1 in Evocations
 14865 | Lair:6   | Noticed Snorg
 14877 | Lair:6   | Killed Snorg
 14877 | Lair:6   | Reached skill level 17 in Shields
 14969 | Lair:6   | Received a gift from Trog
 15059 | Lair:6   | Found a dark tunnel.
 15068 | Volcano  | Entered a volcano
 15140 | Volcano  | Reached XP level 14. HP: 12/127 MP: 13/13
 16117 | Lair:5   | Reached skill level 18 in Shields
 16392 | Lair:5   | Reached skill level 1 in Axes
 17111 | Orc:1    | Entered Level 1 of the Orcish Mines
 17807 | Orc:2    | Entered Level 2 of the Orcish Mines
 17966 | Orc:2    | Received a gift from Trog
 17988 | Orc:2    | Found a staircase to the Elven Halls.
 18410 | Orc:2    | Found a roughly hewn altar of Beogh.
 18436 | Orc:2    | Found a roughly hewn altar of Beogh.
 18499 | Orc:2    | Found a roughly hewn altar of Beogh.
 18521 | Orc:2    | Found Toon's Jewellery Shop.
 18626 | Orc:2    | Found a roughly hewn altar of Beogh.
 18659 | Orc:2    | Found Lumm's Book Shoppe.
 18758 | Orc:2    | Noticed Saint Roka
 18769 | Orc:2    | Received a gift from Trog
 18836 | Orc:2    | HP: 6/129 [Saint Roka/divine providence (10)]
 18839 | Orc:2    | Mangled by Saint Roka

Skill      XL: |  1  2  3  4  5  6  7  8  9 10 11 12 13 14 |
---------------+-------------------------------------------+-----
Long Blades    | 4 5 6 8 9 10 11 13 14 15 16 | 16.5
Fighting       | 4 5 6 7 8 9 11 12 13 | 13.4
Shields        | 1 2 4 7 8 11 13 14 16 17 18 | 18.7
Throwing       | 1 2 3 |  3.1
Stealth        | 1 |  1.8
Armour         | 3 4 6 7 8 9 |  9.6
Dodging        | 3 |  3.3
Evocations     | 1 |  1.5
Axes           | 2 |  2.1

Action                   |  1- 3 |  4- 6 |  7- 9 | 10-12 | 13-15 || total
-------------------------+-------+-------+-------+-------+-------++-------
Melee: Falchion          |    84 |   177 |   366 |   330 |       ||   957
       Headbutt          |    10 |    39 |    83 |   190 |   221 ||   543
       Scimitar          |       |       |       |   452 |    13 ||   465
       Demon blade       |       |       |       |   228 |   794 ||  1022
       Hand axe          |       |       |       |       |    22 ||    22
 Fire: Blowgun           |       |       |       |       |     2 ||     2
Throw: Javelin           |       |     4 |    13 |     5 |     5 ||    27
Invok: Berserk           |       |     4 |     4 |     7 |     7 ||    22
       Burn Spellbooks   |       |       |       |     3 |     1 ||     4
Evoke: Wand              |       |       |     2 |     2 |    10 ||    14
  Use: Scroll            |     7 |     3 |     3 |    21 |     7 ||    41
       Potion            |     3 |     2 |     3 |     9 |     6 ||    23
 Stab: Invisible         |       |       |     2 |       |       ||     2
  Eat: Ration            |     1 |       |     2 |     3 |     1 ||     7
       Chunk             |       |     8 |    10 |    19 |    19 ||    56
Armor: Animal skin       |     5 |       |       |       |       ||     5
       Scale mail        |    14 |       |       |       |       ||    14
       Plate armour      |    25 |   115 |    90 |   213 |   127 ||   570
Dodge: Dodged            |    25 |    17 |    14 |    72 |   140 ||   268
Block: Buckler           |     2 |       |       |       |       ||     2
       Large shield      |    15 |   178 |   354 |   908 |       ||  1455
       Reflection        |       |     1 |    13 |    31 |     5 ||    50
       Shield            |       |       |       |    41 |   679 ||   720
       Rpst.: Falchion   |     4 |     5 |     2 |     3 |       ||    14
       Scimitar          |       |       |       |     8 |     2 ||    10
       Demon blade       |       |       |       |     4 |    42 ||    46
